 Dungeon Crawl Stone Soup version 0.20.1-1-g8b1a95d (webtiles) character file.

1824 Jawreze the Destroyer (level 9, -19/58 HPs)
             Began as a Human Conjurer on Aug 27, 2017.
             Was a Believer of the Shining One.
             Demolished by a white ugly thing (28 damage)
             ... on level 7 of the Dungeon.
             The game lasted 00:25:09 (7744 turns).

Jawreze the Destroyer (Human Conjurer)              Turns: 7744, Time: 00:25:10

Health: -19/58     AC:  5    Str:  9    XL:     9   Next: 32%
Magic:  2/17       EV: 12    Int: 19    God:    the Shining One [**....]
Gold:   310        SH:  0    Dex: 13    Spells: 7/18 levels left

rFire    . . .     SeeInvis .   D - +0 flail (venom)
rCold    . . .     Gourm    .   (no shield)
rNeg     + . .     Faith    .   a - +0 robe
rPois    .         Spirit   .   q - +2 hat
rElec    .         Reflect  .   (no cloak)
rCorr    .         Harm     .   y - +0 pair of gloves
MR       .....                  (no boots)
Stlth    +.........             (no amulet)
Regen    0.2/turn               (no ring)
MPRegen  0.2/turn               (no ring)

@: glowing
A: no striking features
a: Divine Shield, Renounce Religion


You were on level 7 of the Dungeon.
You worshipped the Shining One.
The Shining One was pleased with you.
You were very hungry.

You visited 1 branch of the dungeon, and saw 7 of its levels.

You collected 310 gold pieces.

Inventory:

Hand Weapons
 d - a +1 whip of venom
 o - a +0 whip
 D - a +0 flail of venom (weapon)
Missiles
 k - 19 poisoned needles
 x - a throwing net
 z - 5 javelins (quivered)
Armour
 a - a +0 robe (worn)
 q - a +2 hat (worn)
 y - a +0 pair of gloves (worn)
 K - the +0 ring mail of Kinodyor {rN++ Str+7 Dex+3, unknown}
   (You found it on level 6 of the Dungeon)

   It affects your strength (+7).
   It affects your dexterity (+3).
   It greatly protects you from negative energy.
Jewellery
 C - an uncursed amulet of rage {unknown}
 G - an uncursed ring of poison resistance {unknown}
Scrolls
 e - 4 scrolls of fog {unknown}
 f - 3 scrolls of teleportation {unknown}
 g - 5 scrolls of amnesia {unknown}
 i - 5 scrolls of identify {unknown}
 j - 2 scrolls of enchant armour {unknown}
 m - a scroll of noise {unknown}
 s - 2 scrolls of recharging {unknown}
 F - a scroll of immolation {unknown}
Potions
 l - 2 potions of magic {unknown}
 n - 3 potions of might {unknown}
 p - a potion of heal wounds {unknown}
 r - 2 potions of curing {unknown}
 t - a potion of flight {unknown}
 u - 2 potions of brilliance {unknown}
 A - a potion of resistance {unknown}
 B - a potion of degeneration {unknown}
Books
 b - a book of Conjurations

   Spells                             Type                      Level
   a - Magic Dart                     Conjuration                  1
   b - Searing Ray                    Conjuration                  2
   c - Dazzling Spray                 Conjuration/Hexes            3
   d - Fulminant Prism                Conjuration/Hexes            4
   e - Force Lance                    Conjuration/Translocation    4
   f - Iskenderun's Mystic Blast      Conjuration                  4
 v - a book of Callings

   Spells                             Type                      Level
   a - Summon Small Mammal            Summoning                    1
   b - Call Imp                       Summoning                    2
   c - Call Canine Familiar           Summoning                    3
   d - Summon Guardian Golem          Hexes/Summoning              3
   e - Summon Lightning Spire         Summoning/Air                4
   f - Summon Ice Beast               Ice/Summoning                4
 H - a book of Geomancy

   Spells                             Type                      Level
   a - Sandblast                      Earth                        1
   b - Passwall                       Transmutation/Earth          2
   c - Stone Arrow                    Conjuration/Earth            3
   d - Petrify                        Transmutation/Earth          4
   e - Lee's Rapid Deconstruction     Earth                        5
 I - a book of Cantrips

   Spells                             Type                      Level
   a - Confusing Touch                Hexes                        1
   b - Animate Skeleton               Necromancy                   1
   c - Summon Small Mammal            Summoning                    1
   d - Apportation                    Translocation                1
Comestibles
 c - 7 bread rations
 h - 4 fruits
 w - a royal jelly
 E - 2 meat rations


   Skills:
 + Level 0.6 Fighting
 + Level 5.3 Maces & Flails
 - Level 2.0 Dodging
 - Level 2.0 Stealth
 + Level 5.3 Spellcasting
 + Level 9.1 Conjurations
 * Level 1.6 Summonings


You had 7 spell levels left.
You knew the following spells:

 Your Spells              Type           Power        Failure   Level  Hunger
a - Magic Dart            Conj           ####         1%          1    None
b - Dazzling Spray        Conj/Hex       ###...       5%          3    ##.....
c - Iskenderun's Mystic   Conj           #####...     2%          4    ####...
d - Call Canine Familiar  Summ           ##......     19%         3    ##.....


Dungeon Overview and Level Annotations

Branches:
Dungeon (7/15)             Temple (0/1) D:6

Altars:
Ashenzari
Cheibriados
Elyvilon
Fedhas
The Shining One

Shops:
D:6 [


Message History

Aim: a white ugly thing (lightly wounded, blind, haloed)
The orb of energy hits the white ugly thing.
The white ugly thing is moderately wounded.
Casting: Iskenderun's Mystic Blast
Confirm with . or Enter, or press ? or * to list all spells.
Aiming: Iskenderun's Mystic Blast
Press: ? - help, Shift-Dir - straight line, f/p - white ugly thing
Aim: a white ugly thing (moderately wounded, blind, haloed)
The orb of energy hits the white ugly thing.
The white ugly thing is heavily wounded.
The orb of energy explodes!
The mystic blast hits the necrophage.
The necrophage is heavily damaged.
You are feeling very hungry.
The white ugly thing headbutts you! The white ugly thing freezes you!!
Ouch! That really hurt!
* * * LOW HITPOINT WARNING * * *
The white ugly thing headbutts you.
* * * LOW HITPOINT WARNING * * *
The white ugly thing freezes you!!
You die...

#. . ... ## ###.###.# . .
...#.... .. #.######..#.#.#
#######... ##.#<#.........#
#.........
.............#.######.........
#..#.........#..@un.....#####
.............#.(###.###..##
#.#...#..#.##..##.....##..##
#.#......#.#..##.#####.##u.# #
#.#.#..#.#.##. .##.#
#.#.#.#.##.#.#.# #.#.#
#............#.# #.#.#
###.#.........# #...##
#.#.##.....## #.#.u#


You could see a white ugly thing (blind) and a necrophage.

Vanquished Creatures
  An orc warrior (D:6)
  A sky beast (D:6)
  An ice beast (D:6)
  5 ogres (D:6)
  A phantom (D:4)
  2 centaurs (D:6)
  4 scorpions
  A killer bee (D:5)
  3 crimson imps
  A bullfrog zombie (D:6)
  2 jellies (D:6)
  2 orc priests
  A hound (D:6)
  3 orc wizards
  A centaur skeleton (D:5)
  A worker ant (D:4)
  3 gnolls (D:3)
  7 adders
  An ooze (D:3)
  An adder zombie (D:6)
  An adder skeleton (D:4)
  A worm (D:2)
  3 leopard geckos
  20 orcs
  9 bats
  8 giant cockroaches
  5 goblins
  7 hobgoblins
  14 jackals
  7 kobolds
  3 quokkas
  A ball python (D:3)
  5 frilled lizards
  2 rats
128 creatures vanquished.

Notes
Turn   | Place    | Note
-------+----------+-------------------------------------------
     0 | D:1      | Jawreze the Human Conjurer began the quest for the Orb.
     0 | D:1      | Reached XP level 1. HP: 13/13 MP: 3/3
   309 | D:1      | Reached XP level 2. HP: 8/19 MP: 0/5
   663 | D:1      | Found a glowing golden altar of the Shining One.
   670 | D:1      | Became a worshipper of the Shining One
   972 | D:2      | Reached XP level 3. HP: 24/24 MP: 1/6
  2085 | D:2      | Learned a level 3 spell: Dazzling Spray
  2253 | D:3      | Reached XP level 4. HP: 30/30 MP: 5/7
  2328 | D:3      | Found a snail-covered altar of Cheibriados.
  2407 | D:3      | Reached skill level 5 in Conjurations
  2746 | D:3      | Reached skill level 1 in Maces & Flails
  3178 | D:2      | Reached XP level 5. HP: 4/35 MP: 0/9
  3468 | D:3      | Learned a level 4 spell: Iskenderun's Mystic Blast
  4042 | D:4      | Found a blossoming altar of Fedhas.
  4109 | D:4      | Reached XP level 6. HP: 19/41 MP: 4/10
  4312 | D:4      | Reached skill level 6 in Conjurations
  4851 | D:4      | Found a white marble altar of Elyvilon.
  5241 | D:4      | Reached * piety under the Shining One
  5253 | D:4      | Found a shattered altar of Ashenzari.
  5274 | D:4      | Noticed a phantom
  5295 | D:4      | Killed a phantom
  5295 | D:4      | Reached XP level 7. HP: 44/46 MP: 1/12
  5405 | D:5      | Entered Level 5 of the Dungeon
  5952 | D:6      | Reached skill level 7 in Conjurations
  5977 | D:6      | Reached XP level 8. HP: 45/52 MP: 1/14
  6546 | D:6      | Reached skill level 8 in Conjurations
  6726 | D:6      | Found Tuadgh's Antique Armour Shoppe.
  6955 | D:6      | Reached skill level 5 in Spellcasting
  6955 | D:6      | Reached XP level 9. HP: 57/57 MP: 4/16
  7082 | D:6      | Reached skill level 5 in Maces & Flails
  7255 | D:6      | Found a staircase to the Ecumenical Temple.
  7257 | D:6      | Reached skill level 9 in Conjurations
  7413 | D:6      | Got a polished ring mail
  7418 | D:6      | Learned a level 3 spell: Call Canine Familiar
  7431 | D:6      | Reached skill level 1 in Summonings
  7723 | D:7      | Reached ** piety under the Shining One
  7725 | D:7      | Noticed a white ugly thing
  7744 | D:7      | Demolished by a white ugly thing

Skill      XL: |  1  2  3  4  5  6  7  8  9 |
---------------+----------------------------+-----
Conjurations   | 5 6 7 8 9 |  9.1
Maces & Flails | 1 2 3 4 5 |  5.3
Spellcasting   | 3 4 5 |  5.3
Summonings     | 1 |  1.6
Fighting       | |  0.6
Dodging        | |  2.0
Stealth        | |  2.0

Action                   |  1- 3 |  4- 6 |  7- 9 || total
-------------------------+-------+-------+-------++-------
Melee: Short sword       |    16 |       |       ||    16
       Whip              |    10 |    77 |       ||    87
       Flail             |       |    16 |    57 ||    73
Throw: Javelin           |       |     7 |     1 ||     8
       Throwing net      |       |     2 |       ||     2
 Cast: Magic Dart        |    71 |   145 |    99 ||   315
       Dazzling Spray    |       |     5 |     8 ||    13
       Iskenderun's Myst |       |       |    19 ||    19
  Eat: Chunk             |     5 |    11 |    10 ||    26
Armor: Robe              |     4 |    29 |    17 ||    50
Dodge: Dodged            |    16 |    91 |    55 ||   162
